Map: Catalyst LE

Players

uThermal - Winner!

  • Race: Terran Terran
  • Spawn Location: 11:00

HateMe

  • Race: Zerg Zerg
  • Spawn Location: 5:00

Event: WCS Valencia 2018

VOD

Have the link to the VOD?

Description

Time

  • Played on: July 12, 2018, 7:02 a.m.
  • Length: 10:05

All games in this series

Show
View Real Time Build Order
Export as new Build Order

uThermal Terran - Winner!

Build Orders: Hellion Opening, Reaper Expand, Bio Tank 

Get SALT Encoding   

  12  0:01  SCV  
  13  0:13  SCV  
  14  0:17  Supply Depot  
  14  0:25  SCV  
  15  0:39  SCV  
  15  0:40  Barracks  
  16  0:44  Refinery  
  16  0:51  SCV  
  17  1:03  SCV  
  18  1:15  SCV  
  19  1:28  Reaper, Orbital Command  
  20  1:40  Command Center  
  20  1:50  Supply Depot  
  20  1:54  SCV  
  21  2:00  Marine  
  22  2:06  SCV  
  23  2:09  Factory  
  23  2:12  Refinery  
  23  2:18  SCV  
  23  2:22  Barracks Reactor  
  24  2:30  SCV  
  25  2:42  SCV  
  26  2:51  Orbital Command  
  26  2:53  Starport  
  26  2:54  SCV  
  27  3:02  Hellion x2  
  31  3:06  Barracks Tech Lab, SCV  
  31  3:12  Supply Depot  
  32  3:17  SCV  
  32  3:18  SCV  
  34  3:23  Hellion x2  
  38  3:30  SCV x2  
  40  3:35  Raven  
  40  3:38  Supply Depot  
  42  3:42  SCV  
  42  3:43  SCV  
  42  3:45  Hellion  
  46  3:49  Hellion  
  46  3:54  SCV  
  49  4:01  Command Center  
  49  4:05  SCV  
  49  4:06  SCV  
  51  4:10  Barracks Tech Lab, Supply Depot  
  51  4:16  Hellion  
  51  4:17  Hellion  
  55  4:20  Raven  
  57  4:25  SCV x2  
  57  4:30  Marine  
  60  4:33  Stimpack  
  60  4:37  SCV x2  
  60  4:40  Hellion  
  60  4:42  Hellion  
  54  4:47  Marine  
  54  4:49  SCV x2  
  54  4:52  Engineering Bay x2  
  57  4:55  Refinery  
  57  4:57  Refinery  
  57  5:01  SCV  
  57  5:02  Hellion  
  57  5:03  Hellion  
  57  5:05  Marine  
  63  5:11  SCV  
  64  5:16  Orbital Command  
  64  5:17  SCV  
  64  5:21  Terran Infantry Armor Level 1, Terran Infantry Weapons Level 1  
  65  5:29  Starport Reactor  
  65  5:31  SCV, Barracks  
  65  5:32  SCV, Barracks  
  65  5:35  Marine  
  70  5:42  Siege Tank  
  70  5:44  SCV, Orbital Command  
  70  5:45  SCV  
  72  5:53  Marine  
  72  5:56  SCV  
  74  5:57  SCV  
  74  6:01  Barracks  
  74  6:03  Barracks  
  73  6:09  SCV x2  
  73  6:11  Marine  
  73  6:13  Starport Reactor  
  73  6:15  SCV, Siege Tank  
  73  6:16  Armory  
  76  6:20  Marine  
  76  6:21  SCV  
  76  6:24  SCV, Marine  
  78  6:29  Marine  
  78  6:37  Supply Depot, SCV x2  
  78  6:38  SCV, Marine  
  79  6:40  Supply Depot  
  79  6:41  Marine  
  80  6:47  Supply Depot  
  80  6:49  SCV x2  
  80  6:50  Barracks Reactor  
  80  6:51  Barracks Reactor, Medivac  
  80  6:52  Marine  
  85  6:55  Refinery x2  
  85  6:57  Factory  
  85  6:59  SCV, Medivac, Marine x2, Siege Tank  
  93  7:01  SCV x2  
  93  7:02  Supply Depot  
  93  7:06  Marine  
  93  7:07  Supply Depot  
  96  7:11  SCV  
  96  7:13  SCV x2  
  99  7:15  Marine  
  99  7:16  Marine  
  99  7:18  Terran Infantry Weapons Level 2  
  99  7:19  Marine  
  99  7:21  Medivac  
  104  7:23  SCV  
  104  7:24  Terran Infantry Armor Level 2  
  104  7:25  SCV x2  
  107  7:30  Marine  
  107  7:31  Marine  
  107  7:32  Missile Turret, Marine  
  107  7:33  Medivac  
  107  7:35  SCV, Missile Turret, Marine  
  114  7:37  Supply Depot  
  114  7:38  SCV  
  114  7:42  Factory Tech Lab  
  115  7:44  Marine x2  
  115  7:46  Supply Depot  
  115  7:48  Marine x4  
  115  7:49  Supply Depot, Marine  
  122  7:52  Medivac  
  122  7:55  Marine  
  125  7:58  Marine  
  125  8:01  Terran Vehicle Weapons Level 1  
  125  8:02  Marine x2  
  125  8:03  Supply Depot  
  125  8:05  Combat Shields  
  128  8:06  Marine  
  128  8:10  Medivac  
  131  8:13  Marine x2  
  131  8:16  Siege Tank  
  131  8:19  Siege Tank  
  139  8:22  Marine  
  139  8:23  Command Center  
  140  8:27  Supply Depot  
  140  8:30  Marine  
  140  8:31  Sensor Tower  
  140  8:32  Marine  
  140  8:34  Marine  
  142  8:39  Marine  
  142  8:40  Marine  
  145  8:43  Marine  
  145  8:44  Liberator x2, Marine  
  145  8:48  Siege Tank  
  150  8:51  Siege Tank  
  150  8:53  Marine x2  
  161  9:03  Marine x3  
  161  9:07  Supply Depot, Marine  
  161  9:08  Supply Depot x2  
  165  9:22  Supply Depot  
  165  9:23  Marine x3  
  165  9:29  Marine x5, Siege Tank x2  
  176  9:34  Marine  
  176  9:38  Sensor Tower  
  177  9:40  Marine x3  
  180  9:47  Marine x4  
Show
View Real Time Build Order
Export as new Build Order

HateMe Zerg 

Build Orders: Hatch First 

Get SALT Encoding   

  12  0:01  Drone  
  13  0:12  Overlord  
  13  0:17  Drone  
  14  0:30  Drone x2  
  14  0:34  Drone  
  17  0:52  Hatchery  
  17  0:54  Drone  
  17  0:57  Drone  
  17  1:00  Extractor  
  17  1:13  Spawning Pool  
  17  1:16  Drone  
  17  1:20  Drone  
  18  1:27  Drone  
  19  1:40  Overlord  
  19  1:50  Drone  
  20  2:00  Queen  
  22  2:02  Zergling x2, Metabolic Boost  
  22  2:04  Queen  
  22  2:06  Zergling x2  
  26  2:10  Drone  
  26  2:15  Drone  
  28  2:28  Spore Crawler  
  27  2:33  Spore Crawler  
  27  2:36  Spore Crawler  
  25  2:43  Hatchery, Queen  
  29  2:53  Overlord  
  29  2:54  Drone  
  29  2:55  Drone  
  29  2:57  Drone  
  32  3:00  Drone  
  32  3:03  Drone  
  34  3:05  Drone  
  34  3:07  Drone  
  36  3:13  Overlord  
  36  3:15  Drone  
  36  3:18  Drone  
  38  3:22  Drone x2  
  40  3:27  Drone  
  40  3:29  Queen  
  40  3:33  Drone  
  44  3:37  Drone  
  45  3:43  Drone x2  
  45  3:45  Zergling x2  
  45  3:48  Zergling x4  
  49  3:52  Overlord  
  49  3:53  Zergling x4  
  52  3:58  Lair  
  52  4:08  Baneling Nest  
  52  4:09  Overlord, Queen  
  53  4:17  Zergling x10  
  53  4:22  Overlord  
  53  4:23  Overlord  
  57  4:30  Drone x2  
  59  4:31  Drone  
  59  4:37  Drone  
  58  4:40  Drone  
  58  4:41  Drone x5  
  58  4:43  Spore Crawler  
  58  4:44  Spore Crawler  
  62  4:49  Overlord  
  62  4:51  Drone  
  63  4:55  Drone x4  
  63  4:57  Overseer  
  68  5:00  Drone x2  
  62  5:07  Drone  
  62  5:12  Roach Warren  
  62  5:18  Evolution Chamber  
  62  5:19  Zergling x2  
  62  5:20  Zergling x8  
  62  5:21  Evolution Chamber  
  64  5:25  Drone x5  
  64  5:26  Drone  
  71  5:28  Drone  
  71  5:29  Drone  
  71  5:30  Drone  
  71  5:32  Drone  
  71  5:33  Drone  
  71  5:34  Drone  
  76  5:41  Drone x2  
  76  5:43  Extractor  
  76  5:45  Extractor x2  
  76  5:47  Extractor  
  76  5:48  Extractor  
  76  5:49  Drone x4  
  74  5:50  Drone  
  68  5:58  Drone x2  
  65  6:04  Roach x4  
  65  6:09  Drone  
  65  6:10  Drone  
  72  6:13  Drone x2  
  72  6:14  Drone  
  72  6:15  Drone  
  75  6:19  Zergling x4  
  70  6:36  Drone x5  
  73  6:40  Drone x2  
  73  6:42  Centrifical Hooks  
  75  6:48  Drone x2  
  75  6:51  Drone  
  78  6:56  Drone  
  78  7:01  Drone x2  
  81  7:02  Zerg Melee Weapons Level 1  
  81  7:03  Zerg Ground Armor Level 1  
  81  7:05  Drone  
  82  7:10  Drone  
  82  7:12  Drone  
  84  7:18  Hydralisk Den  
  84  7:19  Drone x3  
  84  7:20  Zergling x4  
  84  7:21  Zergling x4  
  90  7:31  Hatchery  
  90  7:32  Overlord x2  
  87  7:40  Drone x3  
  89  7:51  Hydralisk  
  89  7:52  Hydralisk x4  
  98  8:01  Zergling x2  
  98  8:02  Zergling x14  
  104  8:10  Baneling x8  
  104  8:16  Drone x2  
  104  8:18  Overlord x2  
  106  8:32  Baneling x6  
  106  8:33  Baneling  
  106  8:38  Zergling x24  
  118  8:44  Zergling x2  
  119  8:48  Queen  
  119  8:51  Zergling x14  
  122  8:58  Baneling x16  
  122  8:59  Baneling  
  122  9:01  Zergling x4  
  124  9:04  Zergling x2  
  124  9:05  Zergling x4  
  126  9:10  Zergling x4  
  126  9:14  Zergling x2  
  125  9:24  Overlord x2  
  125  9:30  Infestation Pit  
  124  9:40  Overlord x2  
  124  9:44  Overlord x2  
  124  9:46  Drone x8  
  124  9:48  Drone  
  124  9:49  Drone  
Tags
 
Add a new tag
Caveats
  • Supply blocks, unpowered buildings, or Contaminate may cause inaccurate times.
  • Supply counts are checked every 10 seconds.